Match 46265073
Unlisted

Match 46265073
End
Construct Section Command Post
Selects Heavy Armor Battlegroup
Infantry Section
Dingo Light Scout Car
Infantry Section
Infantry Section
Selects Rigorous Vehicle Training
Construct Platoon Command Post
Unlock M3 Stuart Light Tanks
Selects Light Vehicle Withdraw and Refit
M3 Stuart Light Tank
M3 Stuart Light Tank
Construct Company Command Post
Construct Field Infirmary
Selects Forward Repair Assembly
Matilda II Heavy Tank
Grenade Package
Infantry Training
Armored Vehicle Training
Selects Churchill Black Prince Heavy Tank
Churchill Black Prince Heavy Tank
Crappeur42
schartra
potatoo
Kirill von Bibow
Casul
ter
0
0

Comments sign in to comment!

No comments posted yet!